 Dungeon Crawl Stone Soup version 0.30-a0-389-g8d7d949 (webtiles) character file.

Game seed: 9322903681719339145

53 BarneyGumball the Slasher (level 3, -1/27 HPs)
             Began as a Merfolk Gladiator on Dec 3, 2022.
             Slain by a goblin
             ... wielding a +0 club
             ... led by Robin
              (6 damage)
             ... on level 2 of the Dungeon.
             The game lasted 00:05:42 (1378 turns).

BarneyGumball the Slasher (Merfolk Gladiator)       Turns: 1378, Time: 00:05:43

Health: -1/27      AC:  6    Str: 14    XL:     3   Next: 89%
Magic:  3/3        EV: 13    Int:  7    God:
Gold:   82         SH:  0    Dex: 17    Spells: 2/2 levels left

rFire   + . .      SeeInvis .    a - +0 long sword
rCold   . . .      Faith    .    (no shield)
rNeg    . . .      Spirit   .    o - +2 leather armour "Caimarph" {rF+ Stlth+}
rPois   .          Reflect  .    c - +0 helmet
rElec   .          Harm     .    (no cloak)
rCorr   .          Rampage  .    (no gloves)
Will    .....                    (no boots)
Stlth   ++........               (no amulet)
HPRegen 0.24/turn                (no ring)
MPRegen 0.08/turn                (no ring)

@: no status effects
A: (nimble swimmer 2), mertail
a: no special abilities


You were on level 2 of the Dungeon.
You visited 1 branch of the dungeon, and saw 2 of its levels.

You collected 82 gold pieces.

Inventory:

Hand Weapons
 a - a +0 long sword (weapon)
Missiles
 d - a throwing net (quivered)
 e - a javelin
Armour
 c - a +0 helmet (worn)
 o - the +2 leather armour "Caimarph" (worn) {rF+ Stlth+}
   (You found it on level 2 of the Dungeon)

   rF:        It protects you from fire.
   Stlth:     It makes you more stealthy.
Scrolls
 f - a scroll of amnesia {unknown}
 g - 7 scrolls of identify
 h - a scroll of poison {unknown}
 i - 2 scrolls of fear {unknown}
 k - a scroll of immolation {unknown}
Potions
 j - a potion of haste {unknown}
 l - a potion of brilliance {unknown}
 m - a potion of curing
 n - a potion of heal wounds {unknown}


   Skills:
 - Level 2.1 Fighting
 * Level 5.2 Long Blades
 - Level 2.0 Throwing
 + Level 0.6 Armour
 + Level 4.3 Dodging


You had 2 spell levels left.
You didn't know any spells.
Your spell library contained the following spells:

 Spells                   Type           Power      Damage    Failure   Level
 Blink                    Tloc           0%         N/A       65%         2
 Momentum Strike          Conj/Tloc      0%         3d8       65%         2
 Lesser Beckoning         Tloc           0%         N/A       87%         3


Dungeon Overview and Level Annotations

Branches:
Dungeon (2/15)

Altars:


Innate Abilities, Weirdness & Mutations

((You are very nimble when in or above water. (Stealth+, EV+, Speed+++)))
Your lower body shifts to a powerful aquatic tail in water.


Message History

The goblins go into a battle-frenzy!
Throw: 2 throwing nets
Press: ? - help, Q - select action, (/) - cycle Shift-Dir - straight line, f/p - Robin
Aim: Robin, wielding a +5 club, wearing a +0 animal skin and wearing a +0 helmet (lightly wounded, 69% to hit)
You throw a throwing net. The throwing net hits Robin.
Robin is caught in the net!
Robin is lightly wounded.
The goblin misses you. The goblin hits you with a +0 dagger.
The goblin closely misses you.
Robin roars a battlecry!
Robin struggles against the net.
You hit Robin.
Robin is heavily wounded.
The goblin hits you with a +0 dagger. The goblin closely misses you.
The goblin barely misses you.
You catch the helpless Robin completely off-guard!
You hit Robin.
Robin is severely wounded.
The goblin closely misses you. The goblin hits you but does no damage.
The goblin hits you with a +0 dagger.
* * * LOW HITPOINT WARNING * * *
Robin struggles against the net.
The goblin hits you but does no damage.
Robin struggles against the net.
You slash Robin!
You kill Robin!
The goblin barely misses you. The goblin hits you but does no damage.
The goblin attacks as you move away! The goblin hits you but does no damage.
The goblin attacks as you move away! The goblin closely misses you.
As you read the scroll labelled NUTTAELIYNK, it crumbles to dust.
It is a scroll of identify.
m - a potion of curing The goblin barely misses you.
You hit the goblin.
You kill the goblin!
You closely miss the goblin.
The goblin no longer looks unusually strong.
The goblin hits you with a +0 club.
* * * LOW HITPOINT WARNING * * *
The goblin hits you with a +0 club.
You die...

#.#.........#..
#.#.........#..
#.#.....g.#.#..
#.#..#...<#.#.#
##.#.....#.#.#.# .
#g.......#.#.#.# ...
#..#.......#.#.#
.....####g.####.####.#.#
.....'.@ggg..........#.#
.....####g##..#.##..##.#
......).................
########..#.###.#[##...#
########..#........#....
......).....###.####...#
#######'#.#.# #.........
.....#.# #######...
#.....#.# #..#


You could see 2 hobgoblins and 3 goblins.

Vanquished Creatures
  Robin (D:2)
  An adder (D:2)
  4 ball pythons
  2 endoplasms (D:1)
  2 giant cockroaches (D:1)
  7 goblins
  5 hobgoblins
  A quokka (D:1)
  4 bats (D:1)
  A kobold (D:1)
  2 rats
30 creatures vanquished.

Notes
Turn   | Place    | Note
-------+----------+-------------------------------------------
     0 | D:1      | BarneyGumball the Merfolk Gladiator began the quest for the
                  | Orb.
     0 | D:1      | Reached XP level 1. HP: 16/16 MP: 1/1
   138 | D:1      | Reached skill level 4 in Long Blades
   146 | D:1      | Reached XP level 2. HP: 17/22 MP: 2/2
   289 | D:1      | Found a faded altar of an unknown god.
  1123 | D:2      | Reached XP level 3. HP: 24/27 MP: 3/3
  1125 | D:2      | Noticed Robin
  1294 | D:2      | Reached skill level 5 in Long Blades
  1304 | D:2      | Identified the +2 leather armour "Caimarph" {rF+ Stlth+}
  1374 | D:2      | Killed Robin
  1378 | D:2      | Slain by a goblin

Illustrated notes

Levels and vault maps discovered:
D:1:      grunt_arrival_crossed_arrows, layout_basic,
          dreamdust_ecumenical_altar_hidden_monk_grotto
D:2:      layout_basic, st_stairs_1, nicolae_kite_square_tiling_tiny, uniq_robin

Skill      XL: |  1  2  3 |
---------------+----------+-----
Long Blades    | 4 5 |  5.2
Fighting       | |  2.1
Throwing       | |  2.0
Armour         | |  0.6
Dodging        | |  4.3

Action                   || total
-------------------------++-------
Melee: Long sword        ||    84
Throw: Throwing net      ||     2
  Use: Scroll            ||     1
 Stab: Sleeping          ||     2
       Held in net/web   ||     1
Armor: Leather armour    ||    24
Dodge: Dodged            ||    69

Table legend: (Time is in decaauts)
 A = Elapsed time spent in this place.
 B = Non-inter-level travel time spent in this place.
 C = Inter-level travel time spent in this place.
 D = Time resting spent in this place.
 E = Time spent auto-exploring this place.
 F = Levels seen in this place.
 G = Mean time per level.
                   A        B        C        D        E       F      G
               +--------+--------+--------+--------+--------+-----+--------+
         Total |   1392 |   1327 |     65 |      0 |   1075 |   2 |  696.0 |
       Dungeon |   1392 |   1327 |     65 |      0 |   1075 |   2 |  696.0 |
               +--------+--------+--------+--------+--------+-----+--------+

Top non-repeatable levels by time:
     D:1: 1133 daAuts
     D:2: 258 daAuts
